 Dungeon Sprint DCSS version 0.30-a0-881-g1ff12e1e11 (webtiles) character file.

Game seed: 5557010451829604274

263 testman the Fighter (level 5, -14/59 HPs)
             Began as an Armataur Fighter on Mar 14, 2023.
             Demolished by a slime creature (18 damage)
             ... in the Dungeon (Sprint I: "Red Sonja").
             The game lasted 00:01:34 (252 turns).

testman the Fighter (Armataur Fighter)               Turns: 252, Time: 00:01:35

Health: -14/59     AC:  6    Str: 23    XL:     5   Next: 97%
Magic:  5/5        EV:  7    Int:  8    God:
Gold:   162        SH:  4    Dex: 10    Spells: 4/4 levels left

rFire   . . .      SeeInvis .    a - +0 flail
rCold   . . .      Faith    .    c - +0 buckler
rNeg    . . .      Spirit   .    b - +0 scale mail
rPois   .          Reflect  .    (no helmet)
rElec   .          Roll     +    (no cloak)
rCorr   .          NoTele   +    (no gloves)
Will    .....                    (no barding) Stlth
                                 (no amulet)
HPRegen 0.29/turn                (no ring)
MPRegen 0.09/turn                (no ring)

@: no status effects
A: large, rugged brown scales 3, deformed body, armoured tail, roll, long
tongue, awkward tongue
a: no special abilities


You were in the Dungeon.
You visited 1 branch You collected 162 gold pieces.

Inventory:

Hand Weapons
 a - a +0 flail (weapon)
Armour
 b - a +0 scale mail (worn)
 c - a +0 buckler (worn)
Scrolls
 j - a scroll of blinking
Potions
 d - a potion of might
 e - a potion of curing
 f - a potion of heal wounds
 g - a potion of haste
 h - 2 potions of magic


   Skills:
 + Level 8.4 Fighting
 + Level 8.1 Maces & Flails
 - Level 3.6 Armour
 - Level 4.0 Shields


You had 4 spell levels left.
You didn't know any spells.
Your spell library was empty.

Dungeon Overview and Level Annotations

Branches:
Dungeon (1/1)

Altars:
Makhleb
Xom
Jiyva
Lugonu


Innate Abilities, Weirdness & Mutations

You are completely covered in rugged brown scales. (AC +3, +7% HP)
Armour fits poorly on your strangely shaped body.
You have a long armoured tail.
You roll when moving toward enemies. (Rampage)
Your long tongue fully drains potion bottles. (2x potion effects)
Your tongue gives you trouble enunciating. (1.5x scroll delay)


Message History

Found four altars.
You roll towards the slime creature!
You thump the slime creature!
The slime creature is lightly wounded.
The slime creature hits you.
You hit the slime creature.
The slime creature is lightly wounded.
The slime creature barely misses you.
You hit the slime creature. You tail-slap the slime creature.
The slime creature is moderately wounded.
The slime creature hits you.
You sock the slime creature!
The slime creature is heavily wounded.
You block the slime creature's attack.
You sock the slime creature!
The slime creature is heavily wounded.
The slime creature barely misses you.
You barely miss the slime creature. You tail-slap the slime creature!
The slime creature is severely wounded.
The slime creature hits you!
You hit the slime creature but do no damage.
The slime creature is severely wounded.
You block the slime creature's attack.
You sock the slime creature!
The slime creature is almost dead.
The slime creature barely misses you.
You barely miss the slime creature.
The slime creature is almost dead.
The slime creature hits you!
You hit the slime creature.
The slime creature is almost dead.
The slime creature hits you!
* * * LOW HITPOINT WARNING * * *
You hit the slime creature.
The slime creature is almost dead.
The slime creature hits you!
* * * LOW HITPOINT WARNING * * *
You hit the slime creature.
The slime creature is almost dead.
The slime creature hits you!!
You die...

###################
#<.#..').#..'..#__#
#..').#..)..#..@J.+
#..#####'#####+#__#
#..# #..# ### #..#
#### #..# #⌠⌠# ####


You could see a slime creature.

Vanquished Creatures
  Sigmund (D)
  An ogre (D)
  Ijyb (D)
3 creatures vanquished.

Notes
Turn   | Place    | Note
-------+----------+-------------------------------------------
     0 | D        | testman the Armataur Fighter began the quest for the Orb.
     0 | D        | Reached XP level 1. HP: 19/19 MP: 1/1
     1 | D        | Noticed Ijyb
    30 | D        | Killed Ijyb
    31 | D        | Reached XP level 2. HP: 6/29 MP: 2/2
   126 | D        | Noticed an ogre
   131 | D        | Killed an ogre
   132 | D        | Reached skill level 5 in Maces & Flails
   132 | D        | Reached XP level 3. HP: 22/40 MP: 3/3
   132 | D        | Reached XP level 4. HP: 26/48 MP: 4/4
   219 | D        | Noticed Sigmund
   226 | D        | Killed Sigmund
   227 | D        | Reached XP level 5. HP: 59/59 MP: 5/5
   240 | D        | Found a burning altar of Makhleb.
   240 | D        | Found a viscous altar of Jiyva.
   240 | D        | Found a shimmering altar of Xom.
   240 | D        | Found a corrupted altar of Lugonu.
   240 | D        | Noticed a slime creature
   252 | D        | Demolished by a slime creature

Illustrated notes

Levels and vault maps discovered:
D:        dungeon_sprint_1 [red_sonja_temple_1, red_sonja_temple_small_1]

Skill      XL: |  1  2  3  4 |
---------------+-------------+-----
Fighting       | 4 6 8 |  8.4
Maces & Flails | 3 5 8 |  8.1
Shields        | 4 |  4.0
Armour         | |  3.6

Action                     |  1- 3 |  4- 6 || total
---------------------------+-------+-------++-------
  Melee: Flail             |    33 |    17 ||    50
         Tailslap          |     2 |     3 ||     5
    Use: Potion            |     1 |       ||     1
 Armour: Scale mail        |    12 |       ||    12
  Dodge: Dodged            |    14 |     4 ||    18
  Block: Buckler           |     2 |     3 ||     5

Table legend: (Time is in decaauts)
 A = Elapsed time spent in this place.
 B = Non-inter-level travel time spent in this place.
 C = Inter-level travel time spent in this place.
 D = Time resting spent in this place.
 E = Time spent auto-exploring this place.
 F = Levels seen in this place.
 G = Mean time per level.
                   A        B        C        D        E       F      G
               +--------+--------+--------+--------+--------+-----+--------+
         Total |    271 |    271 |      0 |    175 |      0 |   1 |  271.0 |
       Dungeon |    271 |    271 |      0 |    175 |      0 |   1 |  271.0 |
               +--------+--------+--------+--------+--------+-----+--------+

Top non-repeatable levels by time:
       D: 271 daAuts
